 Dungeon Crawl Stone Soup version 0.30.1-4-g462c640d31 (webtiles) character file.

Game seed: 11114979140658578490

9350 Kurtz the Cleaver (level 11, -14/67 HPs)
             Began as a Tengu Fighter on Sept 16, 2023.
             Was an Initiate of Ru.
             Killed from afar by a deep elf pyromancer (35 damage)
             ... with a bolt of fire
             ... on level 10 of the Dungeon.
             The game lasted 00:14:06 (9899 turns).

Kurtz the Cleaver (Tengu Fighter)                   Turns: 9899, Time: 00:14:06

Health: -14/67     AC: 18    Str: 26    XL:     11   Next: 45%
Magic:  0/10       EV: 13    Int:  9    God:    Ru [......]
Gold:   50         SH:  6    Dex: 20    Spells: 10/10 levels left

rFire   . . .        a - +0 war axe
rCold   + . .        c - +0 buckler
rNeg    . . .        V - +1 chain mail {rC+}
rPois   .            S - +1 hat
rElec   .            y - +0 cloak
rCorr   .            W - +2 pair of gloves
SInv    .            (boots unavailable)
Will    .....        F - amulet of guardian spirit Stlth
                     A - +6 ring of dexterity
HPRegen 0.31/turn    b - +6 ring of strength
MPRegen 0.12/turn

%: guardian spirit
@: on fire, flying quickly and evasively, glowing, quick
A: beak, talons 3, low MP 1, nimble flight
a: Renounce Religion


You were on level 10 of the Dungeon.
You worshipped Ru.
Ru was noncommittal.
You visited 1 branch of the dungeon, and saw 10 of its levels.
You also visited: Sewer.

You collected 657 gold pieces.
You spent 607 gold pieces at shops.

Inventory:

Hand Weapons
 a - a +0 war axe (weapon)
 J - a +0 flail of protection
 L - a +5 flail
Missiles
 e - 7 poisoned darts
 G - 4 javelins (quivered)
Armour
 c - a +0 buckler (worn)
 y - a +0 cloak (worn)
 S - a +1 hat (worn)
 V - a +1 chain mail of cold resistance (worn)
 W - a +2 pair of gloves (worn)
Jewellery
 b - a +6 ring of strength (right hand)
 f - a ring of resist corrosion
 k - a ring of wizardry
 A - a +6 ring of dexterity (left hand)
 F - an amulet of guardian spirit (around neck)
 U - a ring of magical power
Wands
 m - a wand of digging (12)
 z - a wand of roots (9)
 D - a wand of mindburst (14)
 M - a wand of light (3)
Scrolls
 d - 5 scrolls of magic mapping
 h - 4 scrolls of poison
 l - 5 scrolls of teleportation
 n - 2 scrolls of amnesia
 o - 7 scrolls of fear {unknown}
 q - a scroll of torment {unknown}
 t - a scroll of brand weapon {unknown}
 u - 4 scrolls of immolation {unknown}
 B - 2 scrolls of blinking {unknown}
 H - 2 scrolls of vulnerability {unknown}
 I - a scroll of silence {unknown}
 O - a scroll of acquirement {unknown}
 Q - a scroll of enchant armour {unknown}
 R - a scroll of fog {unknown}
 T - a scroll of identify
Potions
 g - a potion of cancellation
 j - 4 potions of resistance
 p - 3 potions of curing
 r - 3 potions of mutation {unknown}
 s - 4 potions of magic {unknown}
 v - 3 potions of heal wounds
 w - 4 potions of attraction
 x - a potion of degeneration {unknown}
 C - a potion of flight
 E - 2 potions of lignification {unknown}
 K - a potion of berserk rage {unknown}
 P - a potion of haste {unknown}


   Skills:
 * Level 7.2 Fighting
 - Level 14.3 Axes
 * Level 9.1 Armour
 * Level 4.1 Dodging
 * Level 5.3 Shields


You had 10 spell levels left.
You didn't know any spells.
Your spell library contained the following spells:

 Spells                   Type           Power      Damage    Failure   Level
 Summon Small Mammal      Summ           0%         N/A       88%         1
 Call Canine Familiar     Summ           0%         N/A       99%         3
 Summon Guardian Golem    Hex/Summ       0%         N/A       99%         3
 Animate Dead             Necr           0%         N/A       100%        4
 Borgnjor's Vile Clutch   Necr/Erth      0%         N/A       100%        5
 Death Channel            Necr           0%         N/A       100%        6


Dungeon Overview and Level Annotations

Branches:
Dungeon (10/15)            Temple (0/1) D:6           Sewer (visited)
   Lair: D:8-11         Orc: D:9-12

Altars:
Cheibriados
Elyvilon
Nemelex Xobeh
Okawaru
Qazlal
Ru
Sif Muna
Trog
Vehumet
Zin
The Shining One

Shops:
D:5 =   D:6 *   D:10 [[

Annotations:
D:2 Sigmund, Terence
D:10 1 runed translucent door


Innate Abilities, Weirdness & Mutations

You have a beak for a mouth.
You have claws for feet.
Your magical capacity is low. (-10% MP)
Your magical nature lets you fly swiftly and evasively.


Message History

The centaur warrior is severely wounded.
The centaur shoots an arrow.
The arrow hits you but does no damage. You block the centaur warrior's attack.
The centaur warrior kicks you but does no damage.
You slash the centaur warrior! Your peck misses the centaur warrior.
The centaur warrior is almost dead.
The centaur shoots an arrow.
The arrow hits you but does no damage.
The centaur warrior hits you but does no damage.
The centaur warrior kicks you but does no damage.
The centaur shoots an arrow.
The arrow hits you.
* * * LOW HITPOINT WARNING * * *
Okay, then.
You hit the centaur warrior. You claw the centaur warrior.
The centaur warrior is almost dead.
The centaur warrior hits you but does no damage.
The centaur warrior kicks you.
* * * LOW HITPOINT WARNING * * *
The centaur shoots an arrow.
You block the arrow.
Unknown command.
You hit the centaur warrior.
You kill the centaur warrior!
The centaur shoots an arrow.
The arrow hits you but does no damage.
Your Armour skill increases to level 9!
Unknown command.
Things that are here:
a +0 longbow; 28 gold pieces; a centaur corpse The deep elf pyromancer casts a spell at you.
The sticky flame hits you.
You are covered in liquid flames!
* * * LOW HITPOINT WARNING * * *
Throw: 4 javelins
Press: ? - help, Q - select action, (/) - cycle Shift-Dir - straight line, f - deep elf pyromancer
Aim: a deep elf pyromancer, wielding a +0 rapier and wearing a +0 chain mail (spells empowered, 62% to hit)
Okay, then.
You feel better.
You are covered in liquid flames!
The deep elf pyromancer gestures at you while chanting.
The bolt of fire hits you!!!
Ouch! That really hurt!
You die...

#.. ..# #...# #.# ## #.#
##..# ..#.. #.# ##.. #.#.
#.# #.) ###.' #.# ###
#.#.# #.# #.. #..#
#.#######.#
.###.#)#######.##.>....#
......e.@...........#####
......c.....#.#.....#####
##################.......
#..##### ## #..# ##.
.##..###.. ..####.))# #.
##.### #.###..#


You could see a deep elf pyromancer (empowered) and a centaur.

Vanquished Creatures
  A centaur warrior (D:10)
  5 death yaks (D:9)
  Maurice (D:8)
  A troll (D:10)
  Grinder (D:3)
  4 yaks (D:9)
  4 vampire mosquitoes (D:10)
  Menkaure (D:7)
  A steam dragon (D:6)
  An acid dragon (D:9)
  A water moccasin (D:5)
  2 ice beasts
  An orc warrior (D:5)
  A black bear (D:5)
  A sky beast (D:7)
  2 ogres
  5 centaurs
  A phantom (D:6)
  4 bullfrogs
  3 scorpions
  19 wights
  4 howler monkeys
  2 hounds
  3 gnoll boudas
  2 orc priests
  A sleepcap (D:6)
  4 iguanas
  6 orc wizards
  A mummy (D:8)
  13 gnolls
  4 river rats (Sewer)
  21 adders
  2 white imps
  2 ufetubi
  2 dart slugs
  23 orcs
  2 bats
  8 endoplasms
  4 giant cockroaches
  8 goblins
  10 hobgoblins
  6 jackals
  4 kobolds
  3 quokkas
  11 ball pythons
  5 frilled lizards
  27 rats
238 creatures vanquished.

Vanquished Creatures (others)
  An orc wizard (D:8)
1 creature vanquished.

Grand Total: 239 creatures vanquished

Notes
Turn   | Place    | Note
-------+----------+-------------------------------------------
     0 | D:1      | Kurtz the Tengu Fighter began the quest for the Orb.
     0 | D:1      | Reached XP level 1. HP: 14/14 MP: 2/2
   129 | D:1      | Reached XP level 2. HP: 19/19 MP: 3/3
   417 | D:1      | Reached skill level 3 in Axes
   417 | D:1      | Reached XP level 3. HP: 18/23 MP: 4/4
   879 | D:2      | Reached XP level 4. HP: 28/28 MP: 5/5
   921 | D:2      | Noticed Sigmund
   921 | D:2      | Noticed Terence
  1062 | D:3      | Reached skill level 4 in Axes
  1113 | D:3      | Gained mutation: Your magical nature lets you fly swiftly
                  | and evasively. [Tengu growth]
  1113 | D:3      | Reached XP level 5. HP: 14/32 MP: 6/6
  1484 | D:3      | Found a glowing drain.
  1509 | Sewer    | Entered a sewer
  1593 | Sewer    | Reached skill level 5 in Axes
  1758 | Sewer    | Reached XP level 6. HP: 33/38 MP: 7/7
  1807 | Sewer    | Reached skill level 6 in Axes
  1873 | Sewer    | Reached skill level 7 in Axes
  2126 | D:3      | Found a faded altar of an unknown god.
  2130 | D:3      | Noticed Grinder
  2134 | D:3      | Paralysed by Grinder for 5 turns
  2168 | D:3      | Killed Grinder
  2169 | D:3      | Reached skill level 8 in Axes
  2169 | D:3      | Reached XP level 7. HP: 27/42 MP: 8/8
  2541 | D:2      | Found a sparkling altar of Nemelex Xobeh.
  2764 | D:4      | Reached skill level 9 in Axes
  2822 | D:4      | Reached XP level 8. HP: 48/48 MP: 9/9
  3442 | D:5      | Entered Level 5 of the Dungeon
  3442 | D:5      | Found Jysufedo's Jewellery Shop.
  3565 | D:5      | Reached skill level 10 in Axes
  3979 | D:5      | Reached skill level 11 in Axes
  4167 | D:5      | Found a sacrificial altar of Ru.
  4289 | D:6      | Found a white marble altar of Elyvilon.
  4375 | D:5      | Became a worshipper of Ru the Awakened
  4535 | D:6      | Reached XP level 9. HP: 37/52 MP: 6/10
  4622 | D:6      | Reached skill level 12 in Axes
  4871 | D:6      | Found a staircase to the Ecumenical Temple.
  5183 | D:6      | Found a sparkling altar of Nemelex Xobeh.
  5186 | D:6      | Found a radiant altar of Vehumet.
  5190 | D:6      | Found an iron altar of Okawaru.
  5190 | D:6      | Found a glowing golden altar of the Shining One.
  5190 | D:6      | Found a glowing silver altar of Zin.
  5197 | D:6      | Found a bloodstained altar of Trog.
  5267 | D:6      | Found Giurat's General Store.
  5271 | D:6      | Bought a potion of heal wounds for 75 gold pieces
  5271 | D:6      | Bought a scroll of magic mapping for 112 gold pieces
  5379 | D:7      | Reached skill level 13 in Axes
  5578 | D:7      | Noticed Menkaure
  5585 | D:7      | Killed Menkaure
  5785 | D:7      | Reached skill level 14 in Axes
  6333 | D:7      | Reached XP level 10. HP: 41/54 MP: 9/11
  6553 | D:8      | Reached skill level 1 in Dodging
  6565 | D:8      | Noticed Maurice
  6827 | D:8      | Killed Maurice
  6828 | D:8      | Reached skill level 5 in Armour
  7080 | D:8      | Found a snail-covered altar of Cheibriados.
  7282 | D:8      | Found a stormy altar of Qazlal.
  7533 | D:9      | Reached skill level 5 in Fighting
  8191 | D:9      | Found a shimmering blue altar of Sif Muna.
  8278 | D:10     | Entered Level 10 of the Dungeon
  8278 | D:10     | Found Eschos's Antique Armour Shop.
  8312 | D:10     | Noticed a death yak
  8312 | D:10     | Noticed a death yak
  8756 | D:9      | Killed a death yak
  8874 | D:10     | Noticed a death yak
  8876 | D:10     | Noticed a death yak
  8877 | D:10     | Noticed a death yak
  8890 | D:9      | Killed a death yak
  9148 | D:9      | Killed a death yak
  9149 | D:9      | Reached XP level 11. HP: 50/66 MP: 9/12
  9163 | D:9      | Killed a death yak
  9164 | D:9      | Reached skill level 5 in Shields
  9571 | D:9      | Killed a death yak
  9704 | D:10     | Found Onigofa's Antique Armour Boutique.
  9712 | D:10     | Bought a shiny chain mail for 210 gold pieces
  9712 | D:10     | Bought a pair of glowing gloves for 210 gold pieces
  9771 | D:10     | Gained mutation: Your magical capacity is low. (-10% MP)
                  | [Ru sacrifice]
  9778 | D:10     | Noticed a sixfirhy
  9779 | D:10     | Found a runed translucent door.
  9877 | D:10     | Noticed a centaur warrior
  9885 | D:10     | Noticed a deep elf pyromancer
  9896 | D:10     | Killed a centaur warrior
  9899 | D:10     | Killed from afar by a deep elf pyromancer

Illustrated notes

Levels and vault maps discovered:
D:1:      dpeg_arrival_simpleton_b, layout_basic, st_stairs_12
D:2:      layout_basic, basic_altar, ebering_dispersal_statue_hall,
          uniq_sigmund, uniq_terence
D:3:      layout_loops_cross, dreamdust_ecumenical_altar_grove,
          gup_sewer_entry_glass, minmay_between, uniq_grinder
D:4:      layout_basic
D:5:      layout_rooms, mainiacjoe_overflow_alcove_4, serial_shops, shop
D:6:      layout_basic, minitemple, mainiacjoe_overflow_concentric_impassable,
          temple_green, serial_shops, shop, kennysheep_generic_room_15
D:7:      layout_basic, uniq_menkaure
D:8:      layout_rooms, slow_altar_2, mainiacjoe_overflow_alcove_1,
          corexii_leaking_fountain, uniq_maurice
D:9:      layout_loops_ring, mainiacjoe_overflow_six_doors_small,
          dreamdust_mushroom_princess, chequers_serial_rivers_small_b
D:10:     cheibrodos_shockbox, layout_rooms, mainiacjoe_overflow_chevrons,
          nicolae_hepliaklqana_hippocampus, mainiacjoe_overflow_surrounded_room,
          dpeg_lair_monsters, david_orc_3, serial_shops, shop, shop, shop, shop,
          shop, minmay_shattered_shrine, uniq_urug

Skill      XL: |  1  2  3  4  5  6  7  8  9 10 11 |
---------------+----------------------------------+-----
Axes           | 3 4 5 8 9 11 14 | 14.3
Armour         | 4 8 9 |  9.1
Fighting       | 6 7 |  7.2
Dodging        | 3 4 |  4.1
Shields        | 4 5 |  5.3

Action                     |  1- 3 |  4- 6 |  7- 9 | 10-12 || total
---------------------------+-------+-------+-------+-------++-------
  Melee: War axe           |    57 |   140 |   270 |   216 ||   683
         Kick              |    14 |    26 |    95 |    91 ||   226
         Peck              |     5 |    11 |    60 |    49 ||   125
  Throw: Dart              |       |       |       |     7 ||     7
         Javelin           |       |       |       |     6 ||     6
 Invoke: Reject Sacrifices |       |       |     1 |       ||     1
         Sacrifice Essence |       |       |       |     1 ||     1
  Evoke: Wand              |       |       |       |     1 ||     1
    Use: Scroll            |       |     3 |     5 |       ||     8
         Potion            |       |     1 |     1 |     2 ||     4
 Armour: Scale mail        |    21 |    10 |       |       ||    31
         Chain mail        |       |    88 |   102 |    81 ||   271
  Dodge: Dodged            |    24 |    74 |   112 |    88 ||   298
  Block: Buckler           |    14 |    52 |    59 |    58 ||   183
